Map: Bridgehead LE (Void)

Players

GLaDOS - Winner!

  • Race: Zerg Zerg
  • League: Platinum

IIIIIIIIIIII

  • Race: Zerg Zerg
  • League: Platinum

VOD

Have the link to the VOD?

Description

Time

  • Played on: Sept. 5, 2015, 12:36 p.m.
  • Length: 6:30
Show
View Real Time Build Order
Export as new Build Order

GLaDOS Zerg - Winner!

Build Orders: Hatch First 

Get SALT Encoding   

  12  0:01  Drone  
  13  0:13  Drone  
  14  0:19  Overlord  
  14  0:30  Drone x2, Extractor x2  
  16  0:39  Drone  
  17  0:49  Drone  
  18  0:57  Hatchery  
  18  1:02  Drone  
  18  1:04  Extractor  
  17  1:16  Spawning Pool  
  16  1:24  Drone x2  
  18  1:33  Drone  
  19  1:43  Drone  
  20  1:53  Overlord  
  20  2:04  Metabolic Boost  
  20  2:05  Queen  
  22  2:12  Zergling x2  
  22  2:13  Queen, Zergling x4  
  27  2:32  Drone x3  
  30  2:39  Drone  
  30  2:44  Spine Crawler, Queen  
  32  2:51  Queen  
  32  2:53  Drone x2  
  36  3:07  Overlord  
  36  3:08  Overlord  
  36  3:28  Drone x9  
  36  3:33  Drone x2  
  47  3:46  Zergling x2  
  47  3:47  Zergling x2  
  42  3:56  Zergling x8  
  44  4:04  Queen  
  44  4:13  Spine Crawler  
  37  4:23  Queen  
  39  4:26  Drone x6  
  45  4:33  Spine Crawler  
  44  4:38  Zergling x2  
  44  4:39  Zergling x6  
  48  4:48  Zergling x2  
  46  4:54  Zergling x2  
  40  5:11  Zergling x8  
  40  5:14  Drone x3  
  43  5:22  Roach Warren  
  43  5:23  Evolution Chamber  
  43  5:24  Zergling x2  
  42  5:30  Baneling Nest, Queen  
  42  5:33  Queen  
  45  5:37  Zergling x2  
  45  5:38  Zergling x10  
  49  5:56  Zergling x4  
  46  6:05  Roach  
  46  6:06  Roach x3  
Show
View Real Time Build Order
Export as new Build Order

IIIIIIIIIIII Zerg 

Build Orders: Pool First, Zergling Baneling 

Get SALT Encoding   

  12  0:01  Drone  
  13  0:07  Drone  
  14  0:17  Overlord  
  14  0:20  Extractor  
  13  0:23  Drone  
  15  0:35  Drone x2  
  17  0:44  Drone  
  18  0:52  Extractor  
  18  0:55  Drone, Spawning Pool  
  17  1:05  Drone  
  18  1:18  Drone  
  19  1:26  Hatchery  
  19  1:30  Drone  
  19  1:39  Overlord  
  19  1:42  Queen  
  21  1:49  Zergling x2  
  22  2:01  Zergling x2  
  22  2:05  Metabolic Boost  
  23  2:12  Zergling x2  
  24  2:18  Queen  
  27  2:22  Zergling x2  
  27  2:30  Baneling Nest  
  26  2:37  Zergling x2  
  26  2:43  Zergling x4  
  29  2:50  Zergling x6  
  32  2:56  Zergling x4  
  34  3:03  Zergling x2  
  35  3:06  Overlord  
  35  3:13  Baneling x5  
  35  3:16  Zergling x2  
  36  3:21  Baneling  
  30  3:53  Zergling x12  
  30  3:54  Zergling x4  
  35  3:59  Baneling  
  35  4:00  Baneling x2  
  34  4:07  Zergling x6  
  33  4:18  Zergling x2  
  33  4:19  Zergling x4  
  33  4:20  Overlord  
  33  4:23  Overlord  
  36  4:30  Baneling x4  
  36  4:36  Baneling  
  36  4:39  Zergling x4  
  36  4:40  Zergling x4  
  28  5:16  Zergling x18  
  28  5:17  Zergling x4  
  38  5:23  Baneling x3  
  38  5:24  Baneling  
  38  5:26  Baneling  
  38  5:30  Zergling x2  
  38  5:33  Baneling  
  39  5:40  Baneling  
  39  5:41  Zergling x4  
  41  5:49  Baneling  
Tags
 
Add a new tag
Caveats
  • Supply blocks, unpowered buildings, or Contaminate may cause inaccurate times.
  • Supply counts are checked every 10 seconds.